[Event "Titled Tuesday Blitz May 25 2021"]
[White "Haitin, Ilja"]
[Black "Mikhailovsky, Vladimir"]
[WhiteFideId "4501764"]
[BlackFideId "34105414"]
[WhiteElo "2182"]
[BlackElo "2308"]
[Result "0-1"]
[Round "03"]
[TimeControl "180+1"]
[Date "2021.05.25"]
[WhiteClock "0:00:02"]
[BlackClock "0:00:09"]

1. e4 Nf6 2. e5 Nd5 3. d4 d6 4. Nf3 dxe5 5. Nxe5 c6 6. Be2 Nd7 7. Nf3 N7f6 8. O-O Bf5 9. c4 Nb4 10. Nh4 Bg6 11. Nxg6 hxg6 12. Qb3 e6 13. a3 Qc7 14. g3 Na6 15. Bf4 Qc8 16. Nc3 e5 17. Bxe5 Qh3 18. g4 Nxg4 19. Bxg4 Qxg4+ 20. Bg3 O-O-O 21. Qa4 Bd6 22. d5 Qh3 23. Qc2 cxd5 24. Nxd5 Kb8 25. b4 Nc7 26. Nxc7 Bxc7 27. Rfd1 f5 28. Rxd8+ Rxd8 29. Bxc7+ Kxc7 30. Qe2 Qh4 31. Qe5+ Kc8 32. Qe6+ Kb8 33. Qe5+ Ka8 34. c5 Qg4+ 35. Qg3 Qh5 36. Re1 g5 37. b5 f4 38. Qg2 f3 39. Qg3 g4 40. c6 bxc6 41. bxc6 Rc8 42. c7 Qf5 43. Rc1 Kb7 44. Qd6 a6 45. Qb4+ Ka8 46. Qc4 Qb5 47. Qe4+ Qb7 48. Qxg4 Rxc7 49. Re1 Re7 50. Rd1 Qb6 51. Qxf3+ Ka7 52. Qg3 Rb7 53. Qe3 Qxe3 54. fxe3 Rb3 55. Rd7+ Kb6 56. Rxg7 Rxa3 57. Rg3 Rc3 58. Kf2 a5 59. h4 a4 60. Rg6+ Kb5 61. Rg5+ Kb4 62. Rg8 a3 63. Rb8+ Ka4 64. Ra8+ Kb3 65. h5 Rc5 66. Rb8+ Kc2 67. Ra8 Kb2 68. Rb8+ Kc1 69. Ra8 Kb2 70. Kf3 Ka1 71. Kf4 Rxh5 72. e4 Rh3 73. Kf5 a2 74. e5 Kb2 75. Rb8+ Rb3 76. Ra8 Ra3 77. Rb8+ Kc2 78. Rc8+ Kd2 79. Rd8+ Ke2 80. Rh8 a1=Q 81. Rh2+ Kf3 82. Rh3+ Kg2 0-1


[Site "https://www.chess.com"]

[Event "Titled Tuesday Blitz May 25 2021"]
[White "Harutjunyan, Gevorg"]
[Black "Vaidya, Atulya"]
[WhiteFideId "13300873"]
[BlackFideId "2047713"]
[WhiteElo "2498"]
[BlackElo "2430"]
[Result "1-0"]
[Round "03"]
[TimeControl "180+1"]
[Date "2021.05.25"]
[WhiteClock "0:02:17"]
[BlackClock "0:01:49"]

1. e4 c6 2. d4 d5 3. e5 Bf5 4. h4 h5 5. Bg5 Qb6 6. Bd3 Bxd3 7. Qxd3 e6 8. Nd2 Nd7 9. Ngf3 Ne7 10. c4 Nf5 11. O-O Bb4 12. b3 Bxd2 13. Bxd2 dxc4 14. bxc4 c5 15. d5 O-O-O 16. Rab1 Qa6 17. Rb5 Nd4 18. Nxd4 cxd4 19. Qxd4 Kb8 20. Rfb1 exd5 21. Rxb7+ Qxb7 22. Rxb7+ Kxb7 23. Qxd5+ Kb8 24. Bf4 Nb6 25. e6+ 1-0


[Site "https://www.chess.com"]

[Event "Titled Tuesday Blitz May 25 2021"]
[White "Henderson de La Fuente, Lance"]
[Black "Sarana, Alexey"]
[WhiteFideId "32096585"]
[BlackFideId "24133795"]
[WhiteElo "2280"]
[BlackElo "2629"]
[Result "0-1"]
[Round "03"]
[TimeControl "180+1"]
[Date "2021.05.25"]
[WhiteClock "0:00:55"]
[BlackClock "0:00:56"]

1. e4 c5 2. Nc3 d6 3. Nf3 Nf6 4. d4 cxd4 5. Nxd4 a6 6. h3 b5 7. g4 Bb7 8. Bg2 Nc6 9. Nde2 e6 10. O-O Be7 11. Ng3 h5 12. g5 Nd7 13. h4 Nde5 14. Nce2 Ng6 15. Nf4 Nxh4 16. Nfxh5 g6 17. Nf6+ Bxf6 18. gxf6 Qxf6 19. Qxd6 Rd8 20. Qc7 Nd4 21. f4 Nxg2 22. Kxg2 Qh4 23. Rg1 Bxe4+ 24. Kf1 Qh3+ 25. Ke1 Nf3+ 26. Kf2 Qh2+ 27. Rg2 Qxg2+ 28. Kxg2 Rh2+ 29. Kf1 Rd1# 0-1


[Site "https://www.chess.com"]

[Event "Titled Tuesday Blitz May 25 2021"]
[White "Holt, Conrad"]
[Black "Seletsky, Grigory"]
[WhiteFideId "2034387"]
[BlackFideId "14112191"]
[WhiteElo "2586"]
[BlackElo "2492"]
[Result "1-0"]
[Round "03"]
[TimeControl "180+1"]
[Date "2021.05.25"]
[WhiteClock "0:00:17"]
[BlackClock "0:00:04"]

1. d4 d6 2. Nf3 Nf6 3. c4 g6 4. Nc3 Bg7 5. e4 O-O 6. h3 e5 7. dxe5 dxe5 8. Qxd8 Rxd8 9. Bg5 Re8 10. Nd5 Nxd5 11. cxd5 c6 12. Bc4 cxd5 13. Bxd5 Nc6 14. Ke2 h6 15. Be3 Bd7 16. Rhd1 Red8 17. Rac1 Be8 18. a3 Kh7 19. b4 a6 20. Bb6 Rdc8 21. h4 Rab8 22. Kf1 f5 23. h5 f4 24. hxg6+ Kxg6 25. Nh4+ Kf6 26. Nf5 Bf8 27. Bc5 Bxc5 28. Rxc5 Nd8 29. Rxc8 Rxc8 30. Nd6 Bb5+ 31. Nxb5 axb5 32. Rd3 Rc2 33. Bb3 Rb2 34. Rxd8 Rxb3 35. Rd6+ Ke7 36. Rxh6 Rxa3 37. Rb6 Ra1+ 38. Ke2 Ra2+ 39. Kf3 Ra3+ 40. Kg4 Ra2 41. Kf5 Rxf2 42. Kxe5 Rxg2 43. Rxb7+ Kd8 44. Kxf4 Rf2+ 45. Ke3 Rh2 46. Rxb5 Kc7 47. Kd4 Rb2 48. Kc3 Re2 49. Kd4 Kc6 50. Rh5 Rd2+ 51. Kc3 Re2 52. Kd3 Rb2 53. b5+ Kd6 54. Kc4 Rc2+ 55. Kb4 Re2 56. Rd5+ Kc7 57. Rd4 Kb6 58. Rd6+ Kc7 59. Re6 Kd7 60. Re5 Kd6 61. Rd5+ Kc7 62. Rc5+ Kb6 63. Rc6+ Kb7 64. Rc4 Rb2+ 65. Kc5 Rh2 66. Kd6 Rh5 67. e5 Kb6 68. e6 Kxb5 69. Re4 1-0


[Site "https://www.chess.com"]

[Event "Titled Tuesday Blitz May 25 2021"]
[White "Hon, Eric"]
[Black "Kosteniuk, Alexandra"]
[WhiteFideId "2097117"]
[BlackFideId "4128125"]
[WhiteElo "1961"]
[BlackElo "2521"]
[Result "0-1"]
[Round "03"]
[TimeControl "180+1"]
[Date "2021.05.25"]
[WhiteClock "0:00:08"]
[BlackClock "0:00:21"]

1. e4 c6 2. d4 d5 3. f3 e6 4. c3 dxe4 5. fxe4 Qh4+ 6. Kd2 Qxe4 7. Nf3 g6 8. Bd3 Qd5 9. Rf1 Bg7 10. Kc2 Ne7 11. Bf4 O-O 12. Nbd2 c5 13. Be4 Qd8 14. dxc5 Nd5 15. Bxd5 exd5 16. Nd4 Nc6 17. N2b3 a5 18. Nxc6 bxc6 19. Nd4 Qd7 20. Bd6 Re8 21. Qd2 Ba6 22. Rfe1 Re4 23. Rxe4 dxe4 24. Re1 Bd3+ 25. Kb3 Bf8 26. Qf4 Rd8 27. Bxf8 Rxf8 28. Qf6 Qd5+ 29. Ka3 Qxc5+ 30. b4 Qxc3+ 31. Nb3 axb4+ 32. Ka4 Ra8+ 33. Na5 Bb5# 0-1


[Site "https://www.chess.com"]

[Event "Titled Tuesday Blitz May 25 2021"]
[White "Horobetz, Graham"]
[Black "Quparadze, Giga"]
[WhiteFideId "2047322"]
[BlackFideId "13602250"]
[WhiteElo "2591"]
[BlackElo "2658"]
[Result "0-1"]
[Round "03"]
[TimeControl "180+1"]
[Date "2021.05.25"]
[WhiteClock "0:00:13"]
[BlackClock "0:00:44"]

1. e4 c5 2. Nc3 Nc6 3. f4 e6 4. Nf3 d5 5. Bb5 d4 6. Bxc6+ bxc6 7. Ne2 Nf6 8. d3 Qc7 9. b3 Be7 10. O-O O-O 11. a4 Rb8 12. Bd2 Ng4 13. h3 Nf6 14. Qe1 Ba6 15. g4 Ne8 16. Ng3 f6 17. Kg2 Nd6 18. f5 exf5 19. gxf5 Rfe8 20. Kh1 Bf8 21. Qf2 Qf7 22. Rg1 Kh8 23. Ne2 c4 24. bxc4 c5 25. Rab1 Rxb1 26. Rxb1 Bxc4 27. Nf4 Qd7 28. Rg1 Bf7 29. a5 Kg8 30. Qg3 c4 31. Nh2 c3 32. Bc1 Nxf5 33. exf5 Qxf5 34. Ng4 g5 35. h4 Kh8 36. hxg5 fxg5 37. Nh3 Bd5+ 38. Kh2 h5 39. Nxg5 Re2+ 40. Nf2 Rxf2+ 0-1


[Site "https://www.chess.com"]

[Event "Titled Tuesday Blitz May 25 2021"]
[White "Ibrahimli, Murad"]
[Black "Arias, Juan Cruz"]
[WhiteFideId "13410229"]
[BlackFideId "118540"]
[WhiteElo "2772"]
[BlackElo "2548"]
[Result "1-0"]
[Round "03"]
[TimeControl "180+1"]
[Date "2021.05.25"]
[WhiteClock "0:01:23"]
[BlackClock "0:01:27"]

1. Nf3 d6 2. d4 Nd7 3. c4 e5 4. Nc3 Ngf6 5. Bg5 Be7 6. e3 O-O 7. Qc2 Re8 8. O-O-O exd4 9. exd4 a6 10. Bd3 Nf8 11. Rde1 c6 12. h3 b5 13. g4 Be6 14. d5 bxc4 15. dxe6 cxd3 16. exf7+ Kxf7 17. Qb3+ d5 18. Ne5+ Kg8 19. Nxc6 Qd6 20. Nxe7+ Rxe7 21. Rxe7 Qxe7 22. Bxf6 1-0


[Site "https://www.chess.com"]

[Event "Titled Tuesday Blitz May 25 2021"]
[White "Jaracz, Pawel"]
[Black "Mohota, Nisha"]
[WhiteFideId "1102222"]
[BlackFideId "5004330"]
[WhiteElo "2495"]
[BlackElo "2117"]
[Result "1-0"]
[Round "03"]
[TimeControl "180+1"]
[Date "2021.05.25"]
[WhiteClock "0:01:21"]
[BlackClock "0:00:02"]

1. Nf3 f5 2. d3 d6 3. e4 e5 4. Nc3 Nf6 5. g3 Nc6 6. Bg2 Be7 7. O-O O-O 8. Nh4 f4 9. gxf4 exf4 10. Nf3 Ng4 11. d4 Nh6 12. Nd5 Bg4 13. h3 Bxf3 14. Bxf3 Bg5 15. c3 Qd7 16. Kh2 Ne7 17. Qb3 Kh8 18. Qxb7 Nxd5 19. Qxd5 Bh4 20. Qh5 Be7 21. Rg1 Rab8 22. b3 Rb5 23. d5 Bf6 24. Bd2 Be5 25. Rg5 Nf7 26. Rg2 Rb6 27. Rag1 Ra6 28. a4 Rg8 29. Bg4 Qe7 30. Bf5 Nh6 31. Qxh6 1-0


[Site "https://www.chess.com"]

[Event "Titled Tuesday Blitz May 25 2021"]
[White "Jarovinsky, Alexey"]
[Black "Kamsky, Gata"]
[WhiteFideId "14115131"]
[BlackFideId "2000024"]
[WhiteElo "2601"]
[BlackElo "2830"]
[Result "0-1"]
[Round "03"]
[TimeControl "180+1"]
[Date "2021.05.25"]
[WhiteClock "0:00:24"]
[BlackClock "0:00:54"]

1. Nc3 d5 2. e4 c6 3. g3 Nf6 4. Bg2 dxe4 5. Nxe4 Nxe4 6. Bxe4 Nd7 7. Bg2 g6 8. Nf3 Bg7 9. d4 O-O 10. O-O e5 11. Be3 exd4 12. Bxd4 Nb6 13. Bxg7 Qxd1 14. Raxd1 Kxg7 15. Ne5 Bf5 16. c3 Rad8 17. b3 f6 18. Nf3 Nd5 19. Rc1 c5 20. Rfe1 g5 21. h4 h6 22. hxg5 hxg5 23. Nh2 b6 24. Nf1 Bg6 25. Red1 Ne7 26. Ne3 Bh5 27. g4 Bg6 28. Rxd8 Rxd8 29. Rd1 Rxd1+ 30. Nxd1 Bb1 31. a3 Bc2 32. Ne3 Bxb3 33. Be4 Be6 34. Kg2 Ng6 35. Bxg6 Kxg6 36. Kg3 Kf7 37. f4 Ke7 38. fxg5 fxg5 39. Kf3 Kd6 40. Ke4 b5 41. Nf5+ Bxf5+ 42. Kxf5 a5 43. Kxg5 b4 44. cxb4 cxb4 45. axb4 axb4 46. Kf6 b3 47. g5 b2 48. g6 b1=Q 49. g7 Qb3 0-1


[Site "https://www.chess.com"]

[Event "Titled Tuesday Blitz May 25 2021"]
[White "Kazakouski, Valery"]
[Black "Egorov, Evgeny"]
[WhiteFideId "13507443"]
[BlackFideId "13700421"]
[WhiteElo "2754"]
[BlackElo "2514"]
[Result "1-0"]
[Round "03"]
[TimeControl "180+1"]
[Date "2021.05.25"]
[WhiteClock "0:00:26"]
[BlackClock "0:00:09"]

1. d4 d5 2. c4 Nc6 3. Nc3 dxc4 4. Nf3 Nf6 5. Bg5 a6 6. d5 Na5 7. e4 b5 8. e5 b4 9. Qa4+ c6 10. exf6 exf6 11. Bd2 Bd7 12. O-O-O cxd5 13. Re1+ Be7 14. Qxb4 Be6 15. Qa4+ Kf8 16. Nd4 Bd7 17. Qd1 Nc6 18. Nxc6 Bxc6 19. Be3 Rb8 20. Bd4 Qa5 21. g3 h5 22. Bg2 h4 23. Qe2 Bb4 24. Qe3 Rh5 25. g4 Rg5 26. h3 Kg8 27. f4 Rg6 28. a3 Bxa3 29. bxa3 Qxa3+ 30. Kd1 Rb2 31. Re2 Qa1+ 32. Qc1 Ba4+ 33. Nxa4 Qxc1+ 34. Kxc1 Rxe2 35. Bf3 Ra2 36. Nc3 Ra1+ 37. Kd2 Rxh1 38. Bxh1 f5 39. g5 f6 40. Bxd5+ Kh7 41. Bf7 fxg5 42. Bxg6+ Kxg6 43. fxg5 Kxg5 44. Ke3 g6 45. Kf3 Kh5 46. Kf4 a5 47. Bb6 a4 48. Nxa4 Kh6 49. Be3 Kh5 50. Bd2 Kh6 51. Nb2 Kg7 52. Nxc4 Kf6 53. Bc3+ Ke6 54. Nd2 Kd5 55. Nf3 Kc4 56. Bf6 Kd3 57. Nxh4 Ke2 58. Nxg6 Kf2 59. h4 Kg2 60. h5 Kh3 61. h6 1-0


[Site "https://www.chess.com"]

[Event "Titled Tuesday Blitz May 25 2021"]
[White "Koellner, Ruben Gideon"]
[Black "Krivonosov, Oleg"]
[WhiteFideId "12993093"]
[BlackFideId "11600349"]
[WhiteElo "2502"]
[BlackElo "2469"]
[Result "1/2-1/2"]
[Round "03"]
[TimeControl "180+1"]
[Date "2021.05.25"]
[WhiteClock "0:00:10"]
[BlackClock "0:00:18"]

1. d4 d5 2. Bf4 Nf6 3. e3 e6 4. Nd2 Bd6 5. Bg3 c5 6. c3 O-O 7. Ngf3 Qc7 8. Ne5 Nc6 9. f4 Nd7 10. Bd3 f5 11. Bh4 Ndxe5 12. fxe5 Be7 13. Bxe7 Qxe7 14. O-O Bd7 15. Qh5 Qf7 16. Qh4 Qe7 17. Qxe7 Nxe7 18. h4 c4 19. Bc2 b5 20. a3 a5 21. Rfb1 Rfc8 22. Nf1 g6 23. Kf2 h6 24. Ng3 Kg7 25. Ne2 g5 26. hxg5 hxg5 27. Rh1 Be8 28. g4 Bg6 29. Rag1 fxg4 30. Bxg6 Kxg6 31. Rxg4 Rh8 32. Rhg1 Rh2+ 33. Ke1 Nf5 34. Rxg5+ Kf7 35. Kd2 Rah8 36. R1g2 R8h3 37. Rxh2 Rxh2 38. Rg4 a4 39. e4 dxe4 40. Rxe4 Ke7 41. Rg4 Kd7 42. Rg6 Kc6 43. Rxe6+ Kd5 44. Rg6 Nh4 45. Rg3 Nf5 46. Rg5 Nh4 47. Ke3 Rh3+ 48. Rg3 Nf5+ 49. Kf4 Nxg3 50. Nxg3 Rh2 51. Nf5 Rf2+ 52. Kg5 Ke6 53. Ng7+ Ke7 54. Nf5+ Ke6 55. Ng7+ Ke7 56. Nf5+ Ke6 1/2-1/2


[Site "https://www.chess.com"]

[Event "Titled Tuesday Blitz May 25 2021"]
[White "Le, Tuan Minh"]
[Black "Zufic, Miroslav"]
[WhiteFideId "12401153"]
[BlackFideId "14506157"]
[WhiteElo "2450"]
[BlackElo "2362"]
[Result "1-0"]
[Round "03"]
[TimeControl "180+1"]
[Date "2021.05.25"]
[WhiteClock "0:01:09"]
[BlackClock "0:00:02"]

1. d4 Nf6 2. Nf3 g6 3. Bg5 Bg7 4. Nbd2 O-O 5. c3 d6 6. e4 c5 7. dxc5 dxc5 8. Bc4 Nc6 9. Qe2 Qc7 10. O-O h6 11. Bxf6 exf6 12. Nh4 Kh7 13. f4 b6 14. Rae1 Bb7 15. Bd5 Rad8 16. f5 Ne5 17. Bxb7 Qxb7 18. Nc4 Rfe8 19. Nxe5 Rxe5 20. Qg4 g5 21. Nf3 Ree8 22. h4 Kg8 23. e5 fxe5 24. hxg5 hxg5 25. Nxg5 f6 26. Ne4 Kf8 27. Re3 Qf7 28. Rh3 Rd7 29. Rff3 Red8 30. Rfg3 Rd1+ 31. Kh2 Re1 32. Rd3 Rxd3 33. Rxd3 Ke7 34. Rh3 1-0


[Site "https://www.chess.com"]

[Event "Titled Tuesday Blitz May 25 2021"]
[White "Leitao, Rafael"]
[Black "Storme, Isak"]
[WhiteFideId "2101246"]
[BlackFideId "1728113"]
[WhiteElo "2609"]
[BlackElo "2037"]
[Result "1-0"]
[Round "03"]
[TimeControl "180+1"]
[Date "2021.05.25"]
[WhiteClock "0:01:33"]
[BlackClock "0:01:41"]

1. c4 c6 2. Nf3 d5 3. d4 Nf6 4. e3 Bf5 5. Nc3 e6 6. Nh4 Be4 7. f3 Bg6 8. Qb3 Qb6 9. Bd2 Nbd7 10. Nxg6 hxg6 11. O-O-O O-O-O 12. Qa4 a6 13. c5 Qc7 14. f4 Ng4 15. Re1 Nf2 16. Rg1 Rxh2 17. Be2 f5 18. Qc2 Ne4 19. Nxe4 dxe4 20. Bc4 Nf6 21. Bxe6+ Kb8 22. Qa4 Re8 23. Bc4 Rd8 24. Ba5 b5 1-0


[Site "https://www.chess.com"]

[Event "Titled Tuesday Blitz May 25 2021"]
[White "Maghsoodloo, Parham"]
[Black "Saya, Ethan"]
[WhiteFideId "12539929"]
[BlackFideId "26095181"]
[WhiteElo "2601"]
[BlackElo "2241"]
[Result "1-0"]
[Round "03"]
[TimeControl "180+1"]
[Date "2021.05.25"]
[WhiteClock "0:00:26"]
[BlackClock "0:00:02"]

1. b3 e5 2. Bb2 Nc6 3. e3 g6 4. Bb5 Nge7 5. f4 Bg7 6. Nf3 O-O 7. O-O d6 8. fxe5 dxe5 9. e4 h6 10. Nc3 Be6 11. Bc4 Bxc4 12. bxc4 Nd4 13. Nd5 c6 14. Nxe7+ Qxe7 15. Bxd4 exd4 16. d3 f5 17. Re1 Qf7 18. exf5 Qxf5 19. Re7 Rf7 20. Qe2 Raf8 21. Rb1 b6 22. Re1 c5 23. h3 h5 24. Qe6 Qxe6 25. R1xe6 Rxe7 26. Rxe7 Rf7 27. Re6 Rf6 28. Re4 Bh6 29. a4 Be3+ 30. Kf1 Kf7 31. Ke2 Re6 32. c3 Rxe4 33. dxe4 Ke6 34. Kd3 Bf2 35. cxd4 cxd4 36. Nxd4+ Kd7 37. e5 a6 38. Ke4 Bg1 39. Kd5 Bxd4 40. Kxd4 Ke6 41. h4 Ke7 42. Kd5 Kd7 43. e6+ Ke7 44. Ke5 a5 45. g3 1-0


[Site "https://www.chess.com"]

[Event "Titled Tuesday Blitz May 25 2021"]
[White "Maly, Alexey"]
[Black "Filali, Razzouki Marouane"]
[WhiteFideId "14103184"]
[BlackFideId "9003720"]
[WhiteElo "2314"]
[BlackElo "2073"]
[Result "1-0"]
[Round "03"]
[TimeControl "180+1"]
[Date "2021.05.25"]
[WhiteClock "0:02:07"]
[BlackClock "0:00:02"]

1. d4 d5 2. c4 e6 3. Nf3 Nf6 4. e3 c5 5. dxc5 dxc4 6. Qxd8+ Kxd8 7. Bxc4 Bxc5 8. a3 Ke7 9. b4 Bd6 10. Bb2 a6 11. Nbd2 b5 12. Be2 Bb7 13. O-O Nbd7 14. Nb3 Rac8 15. Na5 Ba8 16. Rac1 Nb6 17. Nd4 Rxc1 18. Rxc1 Rc8 19. Rxc8 Nxc8 20. Ndc6+ Kd7 21. Bf3 Nb6 22. Bd4 Nbd5 23. Ne5+ Bxe5 24. Bxe5 Nc7 25. Be2 Nfe8 26. f3 f6 27. Bb2 Nd5 28. Kf2 Nd6 29. e4 Nb6 30. Ke3 Nbc4+ 31. Nxc4 Nxc4+ 32. Bxc4 bxc4 33. Kd4 Kc6 34. Kxc4 e5 35. Bc1 Bb7 36. Be3 Bc8 37. Bc5 Be6+ 38. Kc3 Kb5 39. Bf8 g6 40. Be7 f5 41. Bd6 fxe4 42. fxe4 Ka4 43. Kb2 Bc4 44. Kc3 Bf1 45. g3 Bg2 46. Kd3 1-0


[Site "https://www.chess.com"]

[Event "Titled Tuesday Blitz May 25 2021"]
[White "Martinez Alcantara, Jose Eduardo"]
[Black "Loy, Konstantin"]
[WhiteFideId "3805662"]
[BlackFideId "14122499"]
[WhiteElo "2690"]
[BlackElo "2084"]
[Result "1-0"]
[Round "03"]
[TimeControl "180+1"]
[Date "2021.05.25"]
[WhiteClock "0:02:00"]
[BlackClock "0:00:43"]

1. e4 c5 2. Nf3 d6 3. c3 Nf6 4. h3 Nc6 5. Bd3 d5 6. e5 Nd7 7. Bb5 Qc7 8. d4 a6 9. Ba4 e6 10. O-O Be7 11. a3 b6 12. Bc2 a5 13. Re1 Ba6 14. Be3 cxd4 15. cxd4 h6 16. Nbd2 Rc8 17. Rc1 Na7 18. Nf1 O-O 19. Ng3 Kh8 20. Qd2 g5 21. h4 g4 22. Nh2 h5 23. Nxh5 Bxh4 24. Bg5 1-0


[Site "https://www.chess.com"]

[Event "Titled Tuesday Blitz May 25 2021"]
[White "Milosevic, Milos"]
[Black "Petriashvili, Nikoloz"]
[WhiteFideId "964875"]
[BlackFideId "13611216"]
[WhiteElo "2552"]
[BlackElo "2793"]
[Result "0-1"]
[Round "03"]
[TimeControl "180+1"]
[Date "2021.05.25"]
[WhiteClock "0:00:05"]
[BlackClock "0:02:00"]

1. e4 c5 2. Nf3 Nc6 3. Bb5 g6 4. O-O Bg7 5. Re1 e5 6. Nc3 Nge7 7. Nd5 O-O 8. c3 d6 9. Nxe7+ Qxe7 10. Bxc6 bxc6 11. d4 cxd4 12. cxd4 exd4 13. Nxd4 c5 14. Nb5 Rd8 15. Bf4 Ba6 16. Nxd6 Be5 17. Bxe5 Qxe5 18. Nxf7 Kxf7 19. Qa4 Rd6 20. b3 Rad8 21. Rac1 Qd4 22. Qa3 Qb4 23. Qb2 Re8 24. e5 Rd2 25. Rc2 Rxc2 0-1


[Site "https://www.chess.com"]

[Event "Titled Tuesday Blitz May 25 2021"]
[White "Mirzoev, Azer"]
[Black "kleopl"]
[WhiteFideId "13400304"]
[WhiteElo "2525"]
[BlackElo "2481"]
[Result "1-0"]
[Round "03"]
[TimeControl "180+1"]
[Date "2021.05.25"]
[WhiteClock "0:00:26"]
[BlackClock "0:00:02"]

1. d4 d6 2. Nf3 Bg4 3. Nbd2 c6 4. c3 Nd7 5. e4 e5 6. h3 Bh5 7. Bd3 Ngf6 8. O-O Be7 9. Re1 O-O 10. Qc2 b5 11. a4 a6 12. b4 Qb6 13. Bb2 Rfc8 14. Nh4 Bg6 15. Nxg6 hxg6 16. Nf3 Nh5 17. Bf1 Nf4 18. g3 Ne6 19. h4 Bf6 20. Red1 Rd8 21. Qb3 Rab8 22. axb5 axb5 23. Bh3 Ndf8 24. Kg2 Ra8 25. dxe5 Bxe5 26. Rxa8 Rxa8 27. Bc1 Qa6 28. Nxe5 dxe5 29. Rd6 Rd8 30. Rxd8 Nxd8 31. Qd1 Nde6 32. Be3 Qb7 33. Qd6 Qc7 34. Qxc7 Nxc7 35. Bc8 Nfe6 36. Bd7 Nd8 37. f4 exf4 38. gxf4 Nce6 39. Kf3 f6 40. f5 gxf5 41. exf5 Nf8 42. Be8 Nf7 43. Bf4 g6 44. Bxc6 gxf5 45. Bxb5 Ng6 46. h5 Nge5+ 47. Ke3 Nd6 48. Be2 Kf7 49. Kd4 Ke6 50. h6 Ndf7 51. b5 Ng6 52. Ke3 Nge5 53. c4 Ng4+ 54. Bxg4 fxg4 55. c5 Kd5 56. c6 Ke6 57. b6 Nd6 58. b7 Nxb7 59. cxb7 1-0


[Site "https://www.chess.com"]

[Event "Titled Tuesday Blitz May 25 2021"]
[White "Miszler, Levente"]
[Black "Cruz, Jonathan"]
[WhiteFideId "763276"]
[BlackFideId "3802124"]
[WhiteElo "1967"]
[BlackElo "2381"]
[Result "0-1"]
[Round "03"]
[TimeControl "180+1"]
[Date "2021.05.25"]
[WhiteClock "0:00:08"]
[BlackClock "0:01:01"]

1. Nf3 d5 2. c4 c6 3. d4 Nf6 4. Nc3 e6 5. g3 Nbd7 6. Bg2 Be7 7. O-O O-O 8. Nd2 dxc4 9. Nxc4 Nd5 10. e4 Nxc3 11. bxc3 b6 12. Re1 Ba6 13. Qb3 Rc8 14. Bf4 Bxc4 15. Qxc4 b5 16. Qd3 Nc5 17. Qc2 Na4 18. Red1 Qa5 19. c4 Nc3 20. Rd3 b4 21. Bd2 c5 22. Bxc3 bxc3 23. d5 Bf6 24. d6 Bd4 25. Rad1 e5 26. Bh3 Rc6 27. d7 Rd8 28. Rb1 Rb6 29. Rb3 Rxb3 30. Qxb3 Qb4 31. Rd1 Qxb3 32. axb3 g6 33. Kf1 f5 34. exf5 Rxd7 35. fxg6 Rb7 36. gxh7+ Kxh7 37. Bf5+ Kg7 38. Bc2 Rf7 39. f4 exf4 40. g4 f3 41. g5 Rf4 42. Rd3 f2 43. Rg3 Rh4 44. Rg2 Rh3 45. g6 a5 46. Ke2 Rh5 47. Kf1 Re5 48. Rxf2 Bxf2 49. Kxf2 Rh5 50. Kg3 Rg5+ 51. Kf3 Rh5 52. Kg3 Rh6 53. h4 Rxg6+ 54. Kf3 Rd6 0-1


[Site "https://www.chess.com"]

[Event "Titled Tuesday Blitz May 25 2021"]
[White "Mohammad Fahad, Rahman"]
[Black "Jones, Gawain C B"]
[WhiteFideId "10207791"]
[BlackFideId "409561"]
[WhiteElo "2323"]
[BlackElo "2657"]
[Result "0-1"]
[Round "03"]
[TimeControl "180+1"]
[Date "2021.05.25"]
[WhiteClock "0:00:03"]
[BlackClock "0:00:32"]

1. e4 e5 2. Nf3 Nc6 3. Bc4 Bc5 4. c3 Nf6 5. d4 exd4 6. e5 d5 7. Bb5 Ne4 8. cxd4 Bb6 9. Nc3 O-O 10. Be3 Bg4 11. h3 Bh5 12. Qc2 Bg6 13. Qb3 Kh8 14. O-O Nxc3 15. bxc3 Na5 16. Qd1 c6 17. Be2 Nc4 18. Bc1 Ba5 19. Qb3 b5 20. Ba3 Nxa3 21. Qxa3 f6 22. exf6 Rxf6 23. Ne5 Bc7 24. f4 Be4 25. Rae1 Bd6 26. Qc1 Qa5 27. Bf3 Bxf3 28. Rxf3 Qxa2 29. Rfe3 Bxe5 30. dxe5 Rxf4 31. R3e2 Qc4 32. e6 h6 33. e7 Re4 34. Rxe4 dxe4 35. Qf4 Qc5+ 36. Kh1 Qxe7 37. Rxe4 Rf8 38. Qe3 Rf1+ 39. Kh2 Qd6+ 40. g3 Qd5 41. Re8+ Kh7 42. Qe4+ Qxe4 43. Rxe4 Rf2+ 44. Kg1 Rf3 45. Kg2 Rxc3 46. Re7 a5 47. Rc7 a4 48. Kf2 a3 0-1


[Site "https://www.chess.com"]

[Event "Titled Tuesday Blitz May 25 2021"]
[White "Molina, Roberto Junio Brito"]
[Black "Jobava, Baadur"]
[WhiteFideId "2109450"]
[BlackFideId "13601520"]
[WhiteElo "2402"]
[BlackElo "2748"]
[Result "0-1"]
[Round "03"]
[TimeControl "180+1"]
[Date "2021.05.25"]
[WhiteClock "0:00:03"]
[BlackClock "0:00:20"]

1. d4 d5 2. c4 c6 3. Nc3 Nf6 4. Nf3 dxc4 5. a4 Bf5 6. Ne5 Nbd7 7. Nxc4 Qc7 8. g3 Rd8 9. Bf4 Qc8 10. Bg2 Be6 11. Ne3 h6 12. h4 Nc5 13. Ra3 g6 14. O-O Bg7 15. Be5 O-O 16. Qc2 Ncd7 17. Bxf6 Nxf6 18. Rd1 a5 19. Ne4 Nxe4 20. Qxe4 f5 21. Qf4 Bf7 22. Rad3 Rxd4 23. Rxd4 e5 24. Qf3 exd4 25. Nc2 Rd8 26. Qf4 Qe6 27. Rd2 Qe5 28. Qf3 Bf6 29. Qd3 Kg7 30. Ne1 Qe7 31. Nc2 Qc5 32. h5 g5 33. Bh3 g4 34. Bg2 Bxh5 35. Qb3 Qe7 36. Ne1 Bf7 37. Qb6 Qb4 38. Qxb4 axb4 39. Nd3 Be7 40. a5 Kf6 41. a6 bxa6 42. Bxc6 a5 43. Ba4 Bd6 44. Nc1 Be5 45. Nb3 h5 46. Kf1 f4 47. gxf4 Bxf4 48. Rxd4 Rxd4 49. Nxd4 Be5 50. e3 Bxd4 51. exd4 Ke7 52. Ke2 Kd6 53. Ke3 h4 54. Kf4 h3 55. Kg3 Bd5 56. Bd1 Bf3 57. Bb3 Kc6 58. Kh2 Kb5 59. Kg3 a4 60. Be6 b3 61. Bd7+ Kb4 62. Be6 a3 63. bxa3+ Kxa3 64. d5 b2 65. Bf5 Bxd5 66. Kxg4 h2 0-1


[Site "https://www.chess.com"]

[Event "Titled Tuesday Blitz May 25 2021"]
[White "Morefield, Jason"]
[Black "Calin, Alexandru"]
[WhiteFideId "30920825"]
[BlackFideId "1222961"]
[WhiteElo "2171"]
[BlackElo "1993"]
[Result "1-0"]
[Round "03"]
[TimeControl "180+1"]
[Date "2021.05.25"]
[WhiteClock "0:00:48"]
[BlackClock "0:00:10"]

1. d4 Nf6 2. c4 e6 3. Nf3 b6 4. g3 Ba6 5. b3 d5 6. Bg2 dxc4 7. Ne5 Nd5 8. bxc4 Bb4+ 9. Kf1 O-O 10. cxd5 exd5 11. Qb3 Bd6 12. Qxd5 c6 13. Qb3 Nd7 14. Nxd7 Qxd7 15. Nc3 Rae8 16. Ba3 Bxa3 17. Qxa3 Qxd4 18. Qxa6 Qxc3 19. Re1 c5 20. Qxa7 Qb4 21. Bd5 Re5 22. e4 h5 23. h4 Kh8 24. Kg2 f5 25. Qc7 Rfe8 26. Qf7 fxe4 27. Rxe4 Qc3 28. Rxe5 Qxe5 29. Bf3 1-0


[Site "https://www.chess.com"]

[Event "Titled Tuesday Blitz May 25 2021"]
[White "Navalgund, Niranjan"]
[Black "Khanin, Semen"]
[WhiteFideId "5030854"]
[BlackFideId "4111990"]
[WhiteElo "2290"]
[BlackElo "2521"]
[Result "0-1"]
[Round "03"]
[TimeControl "180+1"]
[Date "2021.05.25"]
[WhiteClock "0:01:14"]
[BlackClock "0:01:22"]

1. e4 c6 2. Nc3 d5 3. Nf3 dxe4 4. Nxe4 Nf6 5. Qe2 Nxe4 6. Qxe4 Qd5 7. Qh4 Qe6+ 8. Be2 Qf6 9. Qg3 Qg6 10. Qc7 Na6 11. Qg3 Nb4 12. Bd1 Qe4+ 13. Kf1 Nxc2 14. Bxc2 Qxc2 15. Qe5 Bf5 16. h4 e6 17. Kg1 O-O-O 18. d4 f6 19. Qe1 Bg4 20. Be3 Bxf3 21. gxf3 Bd6 22. Rc1 Qf5 23. Qe2 h5 24. d5 exd5 25. Bxa7 Rde8 26. Qd1 g5 27. hxg5 Qxg5+ 28. Kf1 Rhg8 0-1


[Site "https://www.chess.com"]